 Dungeon Crawl Stone Soup version 0.23-a0-625-g1d2cd9b (console) character file.

10472 Duffy the Thaumaturge (level 11, -3/63 HPs)
             Began as a Deep Elf Fire Elementalist on Dec 24, 2018.
             Was a High Priest of Vehumet.
             Slain by a yak (5 damage)
             ... on level 1 of the Lair of Beasts.
             The game lasted 00:23:26 (13331 turns).

Duffy the Thaumaturge (Deep Elf Fire Elementalist) Turns: 13331, Time: 00:23:27

Health: -3/63      AC:  4    Str:  5    XL:     11   Next: 36%
Magic:  26/30      EV: 15    Int: 24    God:    Vehumet [*****.]
Gold:   816        SH:  0    Dex: 15    Spells: 18/37 levels left

rFire    . . .     SeeInvis .   I - staff of conjuration (curse)
rCold    + . .     Gourm    .   (no shield)
rNeg     . . .     Faith    .   F - +0 robe (curse)
rPois    .         Spirit   .   (no helmet)
rElec    .         Reflect  .   p - +0 cloak
rCorr    +         Harm     .   P - +0 pair of gloves {archery}
MR       +....                  (no boots)
Stlth    ++........             (no amulet)
HPRegen  0.20/turn              G - ring of protection from cold
MPRegen  0.22/turn              m - ring of resist corrosion

@: no status effects
A: no striking features
a: Renounce Religion


You were on level 1 of the Lair of Beasts.
You worshipped Vehumet.
Vehumet was extremely pleased with you.
You were hungry.

You visited 2 branches of the dungeon, and saw 11 of its levels.
You also visited: Ossuary.

You collected 816 gold pieces.

Inventory:

Armour
 a - a +0 robe
 p - a +0 cloak (worn)
 v - a +1 leather armour of positive energy
 F - a cursed +0 robe (worn)
 P - a +0 pair of gloves of archery (worn)
Magical Staves
 f - an uncursed staff of air {!a}
 j - an uncursed staff of poison {!a}
 I - a cursed staff of conjuration (weapon)
 L - an uncursed staff of earth {unknown}
Jewellery
 m - a ring of resist corrosion (right hand)
 w - an uncursed ring of stealth
 G - a ring of protection from cold (left hand)
Wands
 q - a wand of flame (62)
 u - a wand of scattershot (8)
 D - a wand of acid (8)
 J - a wand of disintegration (10)
 N - a wand of iceblast (8)
 O - a wand of random effects (22)
Scrolls
 b - 7 scrolls of remove curse {unknown}
 d - 2 scrolls of enchant armour {unknown}
 g - 2 scrolls of immolation {unknown}
 h - 7 scrolls of identify {unknown}
 i - 4 scrolls of enchant weapon {unknown}
 k - 7 scrolls of teleportation {unknown}
 l - 2 scrolls of blinking {unknown}
 t - 3 scrolls of fear {unknown}
 x - 2 scrolls of amnesia {unknown}
 y - a scroll of magic mapping {unknown}
 K - a scroll of holy word {unknown}
 Q - a scroll of fog {unknown}
 R - a scroll of silence {unknown}
Potions
 n - 2 potions of magic {unknown}
 o - 2 potions of ambrosia {unknown}
 r - a potion of berserk rage {unknown}
 s - 2 potions of lignification {unknown}
 z - 3 potions of might {unknown}
 A - 2 potions of brilliance {unknown}
 B - 7 potions of curing {unknown}
 C - 2 potions of cancellation {unknown}
 E - 4 potions of degeneration {b, unknown}
 H - 2 potions of heal wounds {unknown}
Comestibles
 c - 29 rations


   Skills:
 - Level 5.0 Fighting
 - Level 5.8 Dodging
 - Level 2.4 Stealth
 + Level 13.9 Spellcasting
 + Level 8.7 Conjurations
 + Level 3.4 Charms
 - Level 3.0 Necromancy
 + Level 8.7 Fire Magic
 + Level 0.9 Air Magic
 - Level 4.0 Evocations


You had 18 spell levels left.
You knew the following spells:

 Your Spells              Type           Power        Failure   Level  Hunger
h - Flame Tongue          Conj/Fire      #####        1%          1    None
j - Sticky Flame          Conj/Fire      ######..     1%          4    None
k - Fireball              Conj/Fire      ######....   1%          5    ###....
l - Conjure Flame         Conj/Fire      ######..     1%          3    None
o - Mephitic Cloud        Conj/Pois/Air  #####...     1%          3    None
y - Regeneration          Chrm/Necr      ####......   2%          3    None

Your spell library contained the following spells:

 Spells                   Type           Power        Failure   Level  Hunger
 Lightning Bolt           Conj/Air       ######....   3%          5    ###....
 Animate Skeleton         Necr           N/A          1%          1    None
 Pain                     Necr           ####         1%          1    None
 Throw Flame              Conj/Fire      ######       1%          2    None
 Inner Flame              Hex/Fire       #####...     1%          3    None
 Summon Small Mammal      Summ           ###.         3%          1    None
 Vampiric Draining        Necr           ####......   3%          3    None
 Call Imp                 Summ           ###.....     5%          2    None
 Animate Dead             Necr           N/A          10%         4    None
 Call Canine Familiar     Summ           ###.....     11%         3    None
 Summon Guardian Golem    Hex/Summ       ###.....     11%         3    None
 Conjure Ball Lightning   Conj/Air       ######....   19%         6    #####..
 Summon Lightning Spire   Summ/Air       ###.....     28%         4    None
 Summon Ice Beast         Ice/Summ       ###.....     34%         4    None
 Silence                  Hex/Air        ###.......   63%         5    ###....
 Deflect Missiles         Chrm/Air       ####......   91%         6    #####..
 Tornado                  Air            ###.......   100%        9    #######


Dungeon Overview and Level Annotations

Branches:
Dungeon (10/15)            Temple (0/1) D:5            Lair (1/6) D:10
    Orc (0/2) D:9

Altars:
Cheibriados
Dithmenos
Elyvilon
Fedhas
Gozag
Qazlal
Ru
Sif Muna
Vehumet
Zin

Shops:
D:7 *

Annotations:
D:7 exclusions: gargoyle, 2 killer bees and 4 more exclusions
D:8 Dig
D:10 Urug


Message History

Vehumet accepts your kill.
You feel your power returning.
The fireball engulfs the plant.
The plant is almost destroyed.
The fireball engulfs the plant.
You destroy the plant!
The fireball engulfs the plant.
The plant is heavily damaged.
HP restored.
You are feeling hungry.
Urug is too close now for your liking.
Casting: Fireball (safe; 1% risk of failure)
Confirm with . or Enter, or press ? or * to list all spells.
You can't see any susceptible monsters within range! (Use Z to cast anyway.)
You climb downwards.
Welcome back to the Lair of Beasts!
A spiny frog comes into view.
The spiny frog croaks.
The komodo dragon bites you!! The yak barely misses you.
The komodo dragon closely misses you. The yak gores you!
The komodo dragon bites you!! The yak gores you.
You die...

...###
########.....##
..............#
.......=......#
.........(.....
....F..........
.?.....l....P..
......%@Y......
.......lY.....#
............###
######.....##
....### #....#
....## .....#


You could see 2 komodo dragons, 2 yaks and a spiny frog.

Vanquished Creatures
  Erica (D:8)
  A two-headed ogre (D:9)
  Nergalle (D:10)
  An unseen horror (D:9)
  An orc knight (D:9)
  A komodo dragon (D:10)
  A troll (D:10)
  A hippogriff (D:10)
  Sigmund (D:5)
  2 wyverns (D:9)
  4 yaks
  Eustachio (D:4)
  A hungry ghost (D:9)
  Edmund (D:4)
  5 orc warriors (D:9)
  5 sky beasts
  4 ice beasts
  3 black bears
  10 ogres
  2 necrophages
  5 centaurs
  A big kobold (D:9)
  2 elf zombies (Ossuary)
  7 bullfrogs
  2 wyvern skeletons
  4 scorpions
  2 howler monkeys
  4 crimson imps
  A quasit (D:10)
  A centaur zombie (Ossuary)
  A bullfrog zombie (D:10)
  3 centaur skeletons
  2 jellies
  2 bullfrog skeletons (D:9)
  5 orc priests
  4 hounds
  9 orc wizards
  An iguana (D:8)
  Natasha (D:2)
  10 worker ants
  A killer bee zombie (D:8)
  A big kobold zombie (Ossuary)
  A hound skeleton (D:6)
  A hound zombie (D:9)
  2 mummies (Ossuary)
  8 adders
  4 gnolls
  A shadow imp (D:9)
  An ooze (D:1)
  2 adder skeletons (D:8)
  4 adder zombies
  2 worms
  2 dart slugs
  7 leopard geckos
  26 orcs
  7 giant cockroaches
  10 goblins
  6 hobgoblins
  8 jackals
  5 quokkas
  A ball python (D:1)
  A ball python skeleton (D:5)
  8 bats
  2 frilled lizards
  10 hobgoblin zombies (Ossuary)
  A jackal skeleton (D:7)
  3 jackal zombies (Ossuary)
  7 kobolds
  6 kobold zombies (Ossuary)
  11 orc zombies (Ossuary)
  A quokka skeleton (D:7)
  12 rats
  2 rat zombies (Ossuary)
  A plant (D:10)
279 creatures vanquished.

Vanquished Creatures (others)
  7 plants (D:10)
7 creatures vanquished.

Grand Total: 286 creatures vanquished

Notes
Turn   | Place    | Note
-------+----------+-------------------------------------------
     0 | D:1      | Duffy the Deep Elf Fire Elementalist began the quest for
                  | the Orb.
     0 | D:1      | Reached XP level 1. HP: 10/10 MP: 6/6
   151 | D:2      | Reached XP level 2. HP: 5/15 MP: 0/8
   428 | D:3      | Found a radiant altar of Vehumet.
   433 | D:3      | Became a worshipper of Vehumet
   590 | D:3      | Found a blossoming altar of Fedhas.
   599 | D:3      | Found a white marble altar of Elyvilon.
   671 | D:3      | Reached XP level 3. HP: 16/19 MP: 0/9
   699 | D:3      | Learned a level 3 spell: Conjure Flame
  1472 | D:3      | Reached * piety under Vehumet
  1472 | D:3      | Offered knowledge of Sting by Vehumet.
  1571 | D:2      | Reached XP level 4. HP: 24/24 MP: 1/10
  2108 | D:2      | Found a faded altar of an unknown god.
  2370 | D:2      | Reached XP level 5. HP: 28/28 MP: 5/12
  2471 | D:2      | Noticed Natasha
  2478 | D:2      | Killed Natasha
  2847 | D:1      | Reached ** piety under Vehumet
  2859 | D:1      | Offered knowledge of Magic Dart by Vehumet.
  3153 | D:4      | Found a stormy altar of Qazlal.
  3170 | D:4      | Learned a level 4 spell: Sticky Flame
  3175 | D:4      | Reached skill level 4 in Spellcasting
  3643 | D:4      | Noticed an ogre
  3665 | D:4      | Killed an ogre
  3665 | D:4      | Reached skill level 5 in Conjurations
  3665 | D:4      | Reached skill level 5 in Fire Magic
  3665 | D:4      | Reached XP level 6. HP: 32/32 MP: 5/15
  3672 | D:4      | Learned a level 5 spell: Fireball
  3763 | D:4      | Noticed Edmund
  3783 | D:4      | Killed Edmund
  3783 | D:4      | Reached skill level 5 in Spellcasting
  4102 | D:4      | Noticed Eustachio
  4113 | D:4      | Killed Eustachio
  4113 | D:4      | Reached XP level 7. HP: 31/36 MP: 4/17
  4594 | D:5      | Entered Level 5 of the Dungeon
  4595 | D:5      | Noticed Sigmund
  4620 | D:5      | Reached skill level 1 in Fighting
  4674 | D:5      | Killed Sigmund
  4752 | D:5      | Found a snail-covered altar of Cheibriados.
  4825 | D:5      | Found a staircase to the Ecumenical Temple.
  4873 | D:5      | Reached XP level 8. HP: 45/45 MP: 11/18
  4884 | D:5      | Reached skill level 5 in Dodging
  6166 | D:6      | Reached skill level 5 in Fighting
  6249 | D:6      | Offered knowledge of Mephitic Cloud by Vehumet.
  6254 | D:6      | Learned a level 3 spell: Mephitic Cloud
  6953 | D:7      | Found Gozag's Platinum Reserve.
  6953 | D:7      | Found an opulent altar of Gozag.
  6972 | D:7      | Found a sand-covered staircase.
  6977 | Ossuary  | Entered an ossuary
  7025 | Ossuary  | Reached *** piety under Vehumet
  7187 | Ossuary  | Offered knowledge of Force Lance by Vehumet.
  7199 | Ossuary  | Reached XP level 9. HP: 53/54 MP: 8/19
  7205 | Ossuary  | Reached skill level 6 in Spellcasting
  7514 | D:7      | Noticed a gargoyle
  8007 | D:8      | Found a sacrificial altar of Ru.
  8037 | D:8      | Reached **** piety under Vehumet
  8098 | D:8      | Reached skill level 7 in Spellcasting
  8260 | D:8      | Noticed Erica
  8282 | D:8      | Killed Erica
  8282 | D:8      | Reached skill level 8 in Spellcasting
  8433 | D:8      | Found a deep blue altar of Sif Muna.
  8662 | D:8      | Offered knowledge of Airstrike by Vehumet.
  8890 | D:8      | Found a glowing silver altar of Zin.
  9277 | D:9      | Reached XP level 10. HP: 59/59 MP: 16/24
  9321 | D:9      | Learned a level 3 spell: Regeneration
  9429 | D:9      | Found a staircase to the Orcish Mines.
  9487 | D:9      | Reached skill level 1 in Charms
  9487 | D:9      | Reached skill level 1 in Necromancy
  9680 | D:9      | Reached skill level 9 in Spellcasting
 10128 | D:9      | Noticed an orc knight
 10269 | D:9      | Reached skill level 10 in Spellcasting
 10952 | D:9      | Found a shadowy altar of Dithmenos.
 11200 | D:9      | Noticed a two-headed ogre
 11201 | D:9      | Reached skill level 11 in Spellcasting
 11204 | D:9      | Noticed an unseen horror
 11204 | D:9      | Killed an unseen horror
 11207 | D:9      | Killed a two-headed ogre
 11207 | D:9      | Reached skill level 12 in Spellcasting
 11383 | D:9      | Killed an orc knight
 11383 | D:9      | Reached skill level 13 in Spellcasting
 11502 | D:9      | Reached XP level 11. HP: 49/63 MP: 23/30
 11667 | D:10     | Entered Level 10 of the Dungeon
 12237 | D:10     | Noticed Urug
 12384 | D:10     | Reached ***** piety under Vehumet
 12535 | D:10     | Noticed Nergalle
 12605 | D:10     | Killed Nergalle
 12722 | D:10     | Offered knowledge of Lightning Bolt by Vehumet.
 13169 | D:10     | Found a staircase to the Lair.
 13214 | Lair:1   | Entered Level 1 of the Lair of Beasts
 13331 | Lair:1   | HP: 2/63 [komodo dragon (31)]
 13331 | Lair:1   | Slain by a yak

Vault maps used:
D:1:      psy_arrival_whirlpool
D:2:      cheibrodos_pilgrimage, chequers_ecumenical_altar_simple, uniq_natasha
D:3:      vehumet_crystals, elyvilon_altar_3, fedhas_altar_2, minmay_misc_feat_x
D:4:      nicolae_qazlal_general_emergency, first_ration, minmay_checkerbox,
          uniq_edmund, uniq_eustachio
D:5:      temple_doors_e, basic_altar, grunt_decor_resistance, uniq_sigmund
D:7:      enter_ossuary_5, nicolae_gozag_zags_fifth_avenue
D:8:      nicolae_ru_awakened_eye, zin_scriptorium, led_sif_book, uniq_erica
D:9:      minmay_the_grid_3x3, basic_altar, blue_anna_alchemist
D:10:     david_lair_shrubbed, nicolae_sextant, minmay_fractal_squares_5,
          uniq_nergalle, uniq_urug
Lair:1:   st_stairs_10, minivault_24
Ossuary:  ossuary_tomb_1

Skill      XL: |  1  2  3  4  5  6  7  8  9 10 11 |
---------------+----------------------------------+-----
Conjurations   | 2 3 4 5 7 8 |  8.7
Fire Magic     | 4 5 7 8 |  8.7
Spellcasting   | 4 5 8 13 | 13.9
Fighting       | 2 5 |  5.0
Dodging        | 4 5 |  5.8
Evocations     | 4 |  4.0
Charms         | 3 |  3.4
Necromancy     | 3 |  3.0
Stealth        | |  2.4
Air Magic      | |  0.9

Action                   |  1- 3 |  4- 6 |  7- 9 | 10-12 || total
-------------------------+-------+-------+-------+-------++-------
 Cast: Flame Tongue      |    68 |   101 |   209 |   165 ||   543
       Sticky Flame      |       |     3 |    20 |    28 ||    51
       Conjure Flame     |       |     2 |    30 |    10 ||    42
       Fireball          |       |       |       |    25 ||    25
       Mephitic Cloud    |       |       |       |     1 ||     1
Evoke: Wand              |       |       |     1 |     4 ||     5
  Use: Potion            |       |       |       |     1 ||     1
  Eat: Chunk             |     1 |     9 |    18 |    14 ||    42
Armor: Robe              |    10 |     7 |     8 |    10 ||    35
Dodge: Dodged            |    33 |    36 |    47 |    67 ||   183

Table legend:
 A = Non-vault XP
 B = Vault XP
 C = Vault XP percentage of total XP
 D = Non-vault monster count
 E = Vault monster count
 F = Vault count percentage of total count
                 A         B        C        D         E       F
            +---------+---------+-------+---------+---------+-------
      Total |    6756 |    8205 |  54.8 |     187 |      91 |  32.7
            +---------+---------+-------+---------+---------+-------
        D:1 |      38 |       0 |   0.0 |      23 |       0 |   0.0
        D:2 |      59 |      85 |  59.0 |      24 |       5 |  17.2
        D:3 |      79 |       0 |   0.0 |      23 |       0 |   0.0
        D:4 |     284 |     368 |  56.4 |       9 |       4 |  30.8
        D:5 |     602 |     220 |  26.8 |      16 |       1 |   5.9
        D:6 |     760 |       0 |   0.0 |      17 |       0 |   0.0
        D:7 |     319 |       0 |   0.0 |       8 |       0 |   0.0
        D:8 |    1248 |    1037 |  45.4 |      22 |       3 |  12.0
        D:9 |    1656 |    4059 |  71.0 |      24 |      28 |  53.8
       D:10 |    1083 |    2101 |  66.0 |      18 |      11 |  37.9
     Lair:1 |     628 |       0 |   0.0 |       3 |       0 |   0.0
    Ossuary |       0 |     335 | 100.0 |       0 |      39 | 100.0
            +---------+---------+-------+---------+---------+-------
